 Dungeon Crawl Stone Soup version 0.14-a0-629-g748cab2 (webtiles) character file.

368 Malachi the Insei (level 6, 0/39 HPs)
             Began as an Octopode Transmuter on Nov 5, 2013.
             Slain by an orc
             ... wielding a +0,+1 orcish flail
              (7 damage)
             ... on Level 4 of the Dungeon.
             The game lasted 00:05:39 (4381 turns).

Malachi the Insei (Octopode Transmuter)             Turns: 4381, Time: 00:05:39

HP   0/39        AC  1     Str  9      XL: 6   Next: 37%
MP   5/9         EV 13     Int 14 (17) God:
Gold 67          SH  0     Dex 13      Spells:  3 memorised,  3 levels left

Res.Fire  : . . .   See Invis. : .   b - 10 arrows
Res.Cold  : + . .   Warding    : .   (no shield)
Life Prot.: . . .   Conserve   : .   (helmet restricted)
Res.Poison: .       Res.Corr.  : .   (no amulet)
Res.Elec. : .       Clarity    : .   n - ring of protection from cold
Sust.Abil.: . .     Spirit.Shd : .   (no ring)
Res.Mut.  : .       Stasis     : .   (no ring)
Res.Rott. : .       Flight     : .   (no ring)
Saprovore : . . .                    (no ring)
                                     (no ring)
                                     (no ring)
                                     (no ring)

@: slightly resistant to hostile enchantments, fairly stealthy
A: almost no armour, amphibious, 8 rings, constrict 8, camouflage 1, AC +1
a: no special abilities


You were on level 4 of the Dungeon.
You were not hungry.

You visited 1 branch of the dungeon, and saw 4 of its levels.

You collected 67 gold pieces.

Inventory:

Missiles
 b - 10 arrows (in tentacle)
Comestibles
 a - 4 bread rations
 j - 2 chunks of iguana flesh
 l - a chunk of adder flesh
 q - 3 meat rations
 s - a pear
Scrolls
 c - a scroll of curse weapon {unknown}
 e - 2 scrolls of identify
 f - 2 scrolls of amnesia {unknown}
 g - a scroll of fog {unknown}
 h - a scroll of remove curse {unknown}
 k - a scroll of fear {unknown}
 r - 2 scrolls of enchant weapon I {unknown}
 u - a scroll of enchant armour {unknown}
Jewellery
 n - a ring of protection from cold (left tentacle)
Potions
 i - a potion of resistance
Books
 d - a book of Changes

   Spells                             Type                      Level
   *Beastly Appendage                 Transmutation                1
   *Sticks to Snakes                  Transmutation                2
   *Spider Form                       Transmutation/Poison         3
   Ice Form                           Ice/Transmutation            4
   Blade Hands                        Transmutation                5
 p - a book of Death

   Spells                             Type                      Level
   Corpse Rot                         Necromancy                   2
   Sublimation of Blood               Necromancy                   2
   Agony                              Necromancy                   5
   Dispel Undead                      Necromancy                   5
   Excruciating Wounds                Charms/Necromancy            5
   Bolt of Draining                   Conjuration/Necromancy       6


   Skills:
 + Level 1.9 Fighting
 + Level 3.7 Dodging
 * Level 5.2 Unarmed Combat
 - Level 2.0 Spellcasting
 * Level 3.2 Transmutations


You had 3 spell levels left.
You knew the following spells:

 Your Spells              Type           Power        Failure   Level  Hunger
a - Beastly Appendage     Trmt           ##....       10%         1    ##.....
b - Sticks to Snakes      Trmt           ##........   12%         2    ###....
c - Spider Form           Trmt/Pois      #.........   38%         3    ####...


Dungeon Overview and Level Annotations

Branches:
Dungeon (4/27)
 Temple: D:4-7

Altars:
Yredelemnul


Innate Abilities, Weirdness & Mutations

You cannot wear most types of armour.
You are amphibious.
You can wear up to eight rings at the same time.*
You can use your tentacles to constrict many enemies at once.*
Your skin changes colour to match your surroundings (Stlth).*
Your rubbery body absorbs attacks (AC +1).*


Message History

The orc wizard unwields an uncursed orcish short sword.
The orc wizard drops an uncursed orcish short sword.
The orc wizard picks up a glowing orcish mace.
The orc wizard wields a glowing orcish mace.
A bat comes into view.
Wield which item (- for none, * to show all)? (? for menu, Esc to quit)
b - 12 arrows (in tentacle)
The orc wizard glows brightly for a moment.
Casting: Beastly Appendage
Confirm with . or Enter, or press ? or * to list all spells.
You create a snake!
The orc wizard looks braver.
The orc hits you with an orcish flail.
* * * LOW HITPOINT WARNING * * *
Casting: Sticks to Snakes
Confirm with . or Enter, or press ? or * to list all spells.
You create a snake!
The orc skeleton barely misses your ball python.
The orc hits you with an orcish flail!
You die...

###########################
...........................
.(....................?....
####.............o...)####
#..##########.z..zo# #..#
+S####)# #..# #o# .# #..#
#@# .# #..# #S# .# #..# #.#
.# #..# #.# .# #.. ..# .#
## ..# . .. ... .# ...b .#
###


You could see an orc wizard, an orc, a bat (sleeping), an orc skeleton and 2
friendly ball pythons.

Vanquished Creatures
  2 hounds (D:4)
  An orc priest (D:4)
  An iguana (D:4)
  A scorpion (D:4)
  2 worker ants (D:4)
  2 adders
  A worm (D:3)
  5 giant geckos
  An ooze (D:3)
  4 orcs
  A ball python (D:3)
  10 bats
  6 goblins
  11 hobgoblins
  5 jackals (D:3)
  A quokka (D:4)
  2 giant cockroaches
  6 giant newts
  10 kobolds
  6 rats
78 creatures vanquished.

Notes
Turn   | Place    | Note
--------------------------------------------------------------
     0 | D:1      | Malachi, the Octopode Transmuter, began the quest for the Orb.
     0 | D:1      | Reached XP level 1. HP: 13/13 MP: 1/1
   224 | D:1      | Reached XP level 2. HP: 18/18 MP: 0/3
  1013 | D:2      | Found a basalt altar of Yredelemnul.
  1066 | D:2      | Reached XP level 3. HP: 14/23 MP: 4/4
  1763 | D:3      | Reached skill level 4 in Unarmed Combat
  1810 | D:3      | Learned a level 2 spell: Sticks to Snakes
  1814 | D:3      | Learned a level 3 spell: Spider Form
  1977 | D:3      | Reached XP level 4. HP: 10/28 MP: 6/6
  3010 | D:4      | Reached XP level 5. HP: 18/33 MP: 7/7
  3902 | D:4      | Reached XP level 6. HP: 10/39 MP: 9/9
  4281 | D:4      | Reached skill level 5 in Unarmed Combat
  4381 | D:4      | Slain by an orc

Action                   |  1- 3 |  4- 6 || total
-------------------------+-------+-------++-------
Melee: Unarmed           |   106 |    87 ||   193
 Cast: Beastly Appendage |     4 |     3 ||     7
       Sticks to Snakes  |       |     2 ||     2
  Use: Potion            |       |     7 ||     7
       Scroll            |       |     2 ||     2
 Stab: Sleeping          |     2 |       ||     2
